 Dungeon Crawl Stone Soup version 0.31-a0-702-gf82c85558f (webtiles) character file.

Game seed: 5723039179229462475

113 qw the Shooter (level 4, -3/28 HPs)
             Began as a Gargoyle Hunter on Sept 8, 2023.
             Killed by nerve-wracking pain
             ... invoked by Grinder
              (5 damage)
             ... on level 3 of the Dungeon.
             The game lasted 00:00:48 (1922 turns).

qw the Shooter (Gargoyle Hunter)                    Turns: 1922, Time: 00:00:48

Health: -3/28      AC:  7    Str: 14    XL:     4   Next: 96%
Magic:  4/4        EV: 12    Int: 10    God:
Gold:   13         SH:  0    Dex: 15    Spells: 3/3 levels left

rFire   . . .        Y - +0 shortbow
rCold   . . .        (shield currently unavailable)
rNeg    + . .        a - +2 robe
rPois   inf          (no helmet)
rElec   +            (no cloak)
rCorr   .            (no gloves)
SInv    .            (no boots)
Will    .....        (no amulet)
Stlth   ++           (no ring)
HPRegen 0.24/turn    (no ring)
MPRegen 0.09/turn

%: no passive effects
@: no status effects
A: sickness immunity, AC +3, negative energy resistance 1, electricity
resistance, torment resistance 1, petrification resistance
a: no special abilities


You were on level 3 of the Dungeon.
You visited 1 branch of the dungeon, and saw 3 of its levels.

You collected 85 gold pieces.
You spent 72 gold pieces at shops.


Innate Abilities, Weirdness & Mutations

You are immune to sickness and miasma.
Your stone body is resilient. (AC +3)
You are immune to poison.
You resist negative energy. (rN+)
You are resistant to electric shocks. (rElec)
You are resistant to unholy torment.
You are immune to petrification.


   Skills:
 - Level 3.1 Fighting
 + Level 5.5 Ranged Weapons
 - Level 1.2 Armour
 - Level 1.5 Dodging
 - Level 1.1 Stealth


You had 3 spell levels left.
You didn't know any spells.
Your spell library was empty.

Inventory:

Hand Weapons
 Y - a +0 shortbow (weapon)
Armour
 a - a +2 robe (worn)
Scrolls
 d - 3 scrolls of identify
Potions
 e - a potion of enlightenment
 h - a potion of haste

Dungeon Overview and Level Annotations

Branches:
Dungeon (3/15)

Altars:
Qazlal

Shops:
D:2 ?

Annotations:
D:3 Grinder


Message History

You shoot an arrow. The arrow closely misses Grinder.
The arrow hits the kobold!
You kill the kobold!
Grinder blinks!
You shoot an arrow. The arrow hits Grinder.
Grinder is lightly wounded.
You shoot an arrow. The arrow hits Grinder.
Grinder is moderately wounded.
Grinder hits you.
You writhe in agony.
You shoot an arrow. The arrow hits Grinder.
Grinder is moderately wounded.
Grinder gestures at you. Pain shoots through your body!
You shoot an arrow. The arrow closely misses Grinder.
Grinder hits you.
You shoot an arrow. The arrow barely misses Grinder.
Grinder hits you.
You writhe in agony.
You shoot an arrow.
The arrow hits Grinder but does no damage.
Grinder is moderately wounded.
Grinder closely misses you.
You shoot an arrow. The arrow barely misses Grinder.
Grinder says, "DUCK!"
Grinder hits you!
You writhe in agony.
You shoot an arrow. The arrow hits Grinder!
Grinder is heavily wounded.
Grinder barely misses you. Grinder hits you but does no damage.
You shoot an arrow. The arrow closely misses Grinder.
Grinder blinks!
You start resting.
Grinder is nearby!
You shoot an arrow. The arrow barely misses Grinder.
Grinder gestures at you. You resist with significant effort.
You shoot an arrow.
The arrow hits Grinder but does no damage.
Grinder is heavily wounded.
Grinder gestures at you. Pain shoots through your body!
You die...
Grinder says, "Now the real fun starts!"

.....#.# .......##
####..#
........#####......
......#.#.........#
......#..........5#
......#.#.######
.### ......#...#
### ...
.....####.#######.#
.....##...'.._..@.#
.....
#...###.###...#
#..%# #.# .......
#...# #+# ..)....
#.... .....## #....
.....# #.... .....#
#..... .....#


You could see Grinder.

Vanquished Creatures
  Jessica (D:2)
  3 adders (D:2)
  A dart slug (D:1)
  7 bats
  4 endoplasms
  3 goblins
  6 hobgoblins
  4 jackals (D:3)
  7 kobolds
  4 quokkas
  8 ball pythons
  3 frilled lizards
  4 rats (D:1)
55 creatures vanquished.

Notes
Turn   | Place    | Note
-------+----------+-------------------------------------------
     0 | D:1      | qw the Gargoyle Hunter began the quest for the Orb.
     0 | D:1      | Reached XP level 1. HP: 12/12 MP: 1/1
     0 | D:1      | 0 ||| qw: Version: 0.3-a-76-g4403597
     0 | D:1      | 0 ||| qw: Game counter: 1232
     0 | D:1      | 0 ||| qw: Melee chars always use a shield: true
     0 | D:1      | 0 ||| qw: God list: Okawaru
     0 | D:1      | 0 ||| qw: Allow faded altars: false
     0 | D:1      | 0 ||| qw: Do Orc after clearing Dungeon:15 true
     0 | D:1      | 0 ||| qw: Do second Lair branch before Depths: true
     0 | D:1      | 0 ||| qw: Lair rune preference: random
     0 | D:1      | 0 ||| qw: Goals: Normal
     0 | D:1      | 0 ||| PLANNING D:1-11
    91 | D:1      | Reached XP level 2. HP: 9/17 MP: 2/2
   452 | D:1      | Reached XP level 3. HP: 21/21 MP: 3/3
   509 | D:1      | Reached skill level 5 in Ranged Weapons
   924 | D:1      | 924 ||| UPGRADING to +0 ring mail.
   934 | D:1      | 934 ||| DROPPING +0 leather armour.
   935 | D:1      | 935 ||| READING scroll labelled BOTUYSKESTRU.
   936 | D:1      | 936 ||| DROPPING scroll of butterflies.
  1062 | D:2      | Reached skill level 1 in Armour
  1230 | D:2      | Reached XP level 4. HP: 27/27 MP: 4/4
  1334 | D:2      | Reached skill level 3 in Fighting
  1555 | D:2      | Found Qovics Fiat's Magic Scroll Shop.
  1564 | D:2      | 1564 ||| SHOPLISTING scroll of enchant armour (90 gold,
                  | have 85).
  1564 | D:2      | 1564 ||| BUYING scroll of identify (24 gold).
  1564 | D:2      | Bought a scroll of identify for 24 gold pieces
  1564 | D:2      | 1564 ||| BUYING scroll of identify (24 gold).
  1564 | D:2      | Bought a scroll of identify for 24 gold pieces
  1564 | D:2      | 1564 ||| BUYING scroll of identify (24 gold).
  1564 | D:2      | Bought a scroll of identify for 24 gold pieces
  1714 | D:2      | 1714 ||| READING scroll labelled GIPUTEC WIRUL.
  1717 | D:2      | 1717 ||| READING scroll labelled GEH LIORINADGHA.
  1718 | D:2      | 1718 ||| READING scroll labelled VIAPLE VUEDAT.
  1738 | D:2      | 1738 ||| READING scroll labelled KUPAFE SIFINNEOGH.
  1739 | D:2      | 1739 ||| READING 5 scrolls of identify.
  1739 | D:2      | 1739 ||| IDENTIFYING black potion
  1740 | D:2      | 1740 ||| READING 4 scrolls of identify.
  1740 | D:2      | 1740 ||| IDENTIFYING puce potion
  1783 | D:3      | Noticed Jessica
  1786 | D:3      | 1786 ||| STAIRDANCE
  1793 | D:2      | Killed Jessica
  1796 | D:2      | 1796 ||| UPGRADING to +2 robe.
  1806 | D:2      | 1806 ||| DROPPING +0 ring mail.
  1811 | D:3      | 1811 ||| STAIRDANCE
  1891 | D:3      | Found a stormy altar of Qazlal.
  1904 | D:3      | Noticed Grinder
  1905 | D:3      | 1905 ||| Stepping ~*~*~tactically~*~*~ (outnumbered).
  1906 | D:3      | Paralysed by Grinder for 3 turns
  1917 | D:3      | HP: 3/28 [Grinder (7)]
  1917 | D:3      | HP: 1/28 [Grinder (2)]
  1922 | D:3      | Killed from afar by Grinder

Levels and vault maps discovered:
D:1:      amcnicky_arrival_single_pillar, layout_basic, minmay_misc_feat_alley,
          minmay_close_crescents
D:2:      layout_loops_ring, serial_shops, shop, grunt_ministairs_11
D:3:      layout_basic, mainiacjoe_overflow_boulevard, lemuel_doored_altar,
          uniq_grinder, uniq_jessica

Skill      XL: |  1  2  3  4 |
---------------+-------------+-----
Ranged Weapons | 5 |  5.5
Armour         | 1 |  1.2
Fighting       | 3 |  3.1
Dodging        | |  1.5
Stealth        | |  1.1

Action                     |  1- 3 |  4- 6 || total
---------------------------+-------+-------++-------
   Fire: Shortbow          |   123 |    75 ||   198
    Use: Scroll            |     1 |     6 ||     7
 Armour: Leather armour    |    22 |       ||    22
         Ring mail         |    18 |    14 ||    32
         Robe              |       |    25 ||    25
  Dodge: Dodged            |    28 |    26 ||    54

Table legend:
 A = Non-vault XP
 B = Vault XP
 C = Vault XP percentage of total XP
 D = Non-vault monster count
 E = Vault monster count
 F = Vault count percentage of total count
                 A         B        C        D         E       F
            +---------+---------+-------+---------+---------+-------
      Total |     117 |      45 |  27.8 |      49 |       6 |  10.9
            +---------+---------+-------+---------+---------+-------
        D:1 |      46 |       5 |   9.8 |      27 |       3 |  10.0
        D:2 |      56 |      40 |  41.7 |      13 |       3 |  18.8
        D:3 |      15 |       0 |   0.0 |       9 |       0 |   0.0
            +---------+---------+-------+---------+---------+-------
